 Dungeon Crawl Stone Soup version 0.20-a0-16-g0876c8e (webtiles) character file.

58 JustSomeDude the Grave Robber (level 3, -1/24 HPs)
             Began as a Demonspawn Necromancer on Nov 4, 2016.
             Shot with a stone by a goblin (4 damage)
             ... led by Robin
             ... on level 2 of the Dungeon.
             The game lasted 00:05:04 (1400 turns).

JustSomeDude the Grave Robber (DsNe)                Turns: 1400, Time: 00:05:05

Health: -1/24      AC:  2    Str:  9    XL:     3   Next: 75%
Magic:  0/6        EV: 12    Int: 16    God:
Gold:   119        SH:  0    Dex: 13    Spells: 1 memorised, 5 levels left

rFire  . . .     SeeInvis .     (no weapon)
rCold  . . .     Gourm    .     g - +0 robe (curse)
rNeg   . . .     Faith    .     (no shield)
rPois  .         Spirit   .     (no helmet)
rElec  .         Reflect  .     (no cloak)
rCorr  .         Harm     .     (no gloves)
MR     .....                    (no boots)
Stlth  ++........               (no amulet)
                                (no ring)
                                (no ring)

@: very slightly contaminated
A: talons 1
a: no special abilities


You were on level 2 of the Dungeon.
You were not hungry.

You visited 1 branch of the dungeon, and saw 2 of its levels.

You collected 119 gold pieces.

Inventory:

Armour
 g - a cursed +0 robe (worn)
Scrolls
 a - a scroll of identify {unknown}
 e - a scroll of fear {unknown}
 i - a scroll of blinking {unknown}
 m - a scroll of enchant weapon {unknown}
Books
 b - a book of Necromancy

   Spells                             Type                      Level
   a - Pain                           Necromancy                   1
   b - Animate Skeleton               Necromancy                   1
   c - Vampiric Draining              Necromancy                   3
   d - Regeneration                   Charms/Necromancy            3
   e - Animate Dead                   Necromancy                   4
   f - Control Undead                 Necromancy                   4
Comestibles
 c - a bread ration
 d - a beef jerky
 f - 3 chunks of flesh
 j - a royal jelly
 k - 2 meat rations


   Skills:
 + Level 2.0 Dodging
 + Level 1.7 Stealth
 + Level 0.5 Unarmed Combat
 + Level 2.3 Spellcasting
 + Level 5.4 Necromancy


You had 5 spell levels left.
You knew the following spells:

 Your Spells              Type           Power        Failure   Level  Hunger
a - Pain                  Necr           ###.         1%          1    #......


Dungeon Overview and Level Annotations

Branches:
Dungeon (2/15)

Altars:

Annotations:
D:2 Robin


Innate Abilities, Weirdness & Mutations

You have sharp toenails.


Message History

The goblin shouts!
The goblin unwields an uncursed dagger.
The goblin wields a hunting sling.
The goblin shoots a stone.
The stone hits you.
* * * LOW HITPOINT WARNING * * *
Casting: Pain
Confirm with . or Enter, or press ? or * to list all spells.
Aiming: Pain
Press: ? - help, Shift-Dir - straight line, f/p - goblin
Aim: a goblin, wielding a hunting sling (almost dead, chance to defeat MR: 89%)
The goblin barely resists.
The goblin shoots a stone.
The stone closely misses you.
Casting: Pain
Confirm with . or Enter, or press ? or * to list all spells.
Aiming: Pain
Press: ? - help, Shift-Dir - straight line, f/p - goblin
Aim: a goblin, wielding a hunting sling (almost dead, chance to defeat MR: 89%)
You miscast Pain.
You are very lightly contaminated with residual magic.
You shiver with cold.
The goblin shoots a stone.
The stone hits you.
You die...

####..### #..# #.# ##
..... ..# #. .....# #.#
.# #.###.## #.# #.## # #.
#.###### ##...## #g####
#.##...########.....#..
......
###.#.....#gg...@........
..........#)#####.....#.
#.####
###.#................##
#..... #
#.##†..##.##########
....... # #.#######.#
####### # #.# #.# # #.#
#.# # #.. ..# # ### ###


You could see 2 goblins.

Vanquished Creatures
  2 adders (D:2)
  2 dart slugs
  2 leopard geckos (D:2)
  4 bats
  A giant cockroach (D:2)
  2 goblins (D:2)
  7 hobgoblins
  4 jackals (D:1)
  3 frilled lizards
  2 kobolds
  3 rats
32 creatures vanquished.

Notes
Turn   | Place    | Note
-------+----------+-------------------------------------------
     0 | D:1      | JustSomeDude the Demonspawn Necromancer began the quest for the Orb.
     0 | D:1      | Reached XP level 1. HP: 13/13 MP: 3/3
   116 | D:1      | Gained mutation: You have sharp toenails. [demonic ancestry]
   116 | D:1      | Reached XP level 2. HP: 2/19 MP: 0/5
   466 | D:1      | Reached skill level 5 in Necromancy
   886 | D:2      | Noticed Robin
   981 | D:2      | Reached XP level 3. HP: 7/24 MP: 0/6
  1400 | D:2      | Shot with a stone by a goblin

Vault maps used:
D:1:      scummos_arrival_star
D:2:      minmay_tetromino_t2, uniq_robin

Skill      XL: |  1  2 |
---------------+-------+-----
Necromancy     | 5 |  5.4
Dodging        | 2 |  2.0
Stealth        | |  1.7
Unarmed Combat | |  0.5
Spellcasting   | |  2.3

Action                   || total
-------------------------++-------
Melee: Unarmed           ||    37
       Kick              ||     1
 Cast: Pain              ||    51
  Use: Potion            ||     4
  Eat: Chunk             ||     2
Armor: Skin              ||     9
       Robe              ||    10
Dodge: Dodged            ||    27
